 Dungeon Crawl Stone Soup version 0.31.0-1-g2c135a0 (webtiles) character file.

Game seed: 12887456636726725324

392 bonegar the Sneak (level 6, -2/49 HPs)
             Began as a Naga Enchanter on Feb 17, 2024.
             Slain by an adder (4 damage)
             ... in a sewer.
             The game lasted 00:21:50 (1771 turns).

bonegar the Sneak (Naga Enchanter)                  Turns: 1771, Time: 00:21:50

Health: -2/49      AC:  4    Str: 10    XL:     6   Next: 80%
Magic:  2/10       EV: 10    Int: 18    God:
Gold:   96         SH:  0    Dex: 14    Spells: 9/11 levels left

rFire   . . .        a - +1 dagger
rCold   . . .        (no shield)
rNeg    . . .        b - +0 robe
rPois   +            g - +1 hat {Int+3}
rElec   .            (no cloak)
rCorr   .            (no gloves)
SInv    +            (no barding)
Will    .....        (no amulet)
Stlth   +++          (no ring)
HPRegen 0.28/turn    (no ring)
MPRegen 0.12/turn

%: no passive effects
@: very slightly contaminated, invisible, very slow
A: AC +2, large, see invisible, deformed body, poison resistance, slowness 2,
spit poison 1, naga tail 1
a: Spit Poison


You were in a sewer.
You visited 1 branch of the dungeon, and saw 3 of its levels.
You also visited: Sewer.

You collected 96 gold pieces.

Inventory:

Hand Weapons
 a - a +1 dagger (weapon)
Armour
 b - a +0 robe (worn)
 g - a +1 hat of intelligence (worn)
Jewellery
 h - a ring of fire
Wands
 e - a wand of polymorph (10)
 k - a wand of quicksilver (13)
 p - a wand of flame (9)
Scrolls
 d - a scroll of butterflies {unknown}
 f - a scroll of brand weapon {unknown}
 i - 4 scrolls of identify {unknown}
 l - a scroll of revelation {unknown}
 n - a scroll of silence {unknown}
 o - a scroll of blinking {unknown}
 r - a scroll of enchant armour {unknown}


   Skills:
 + Level 2.9 Short Blades
 + Level 2.8 Dodging
 + Level 6.2 Stealth
 + Level 3.2 Spellcasting
 * Level 4.5 Hexes


You had 9 spell levels left.
You knew the following spells:

 Your Spells              Type           Power      Damage    Failure   Level
a - Ensorcelled Hibernat  Hex/Ice        22%        N/A       10%         2

Your spell library contained the following spells:

 Spells                   Type           Power      Damage    Failure   Level
 Confusing Touch          Hex            19%        N/A       8%          3
 Tukima's Dance           Hex            19%        N/A       8%          3
 Dazzling Flash           Conj/Hex       22%        N/A       19%         3
 Volatile Blastmotes      Fire/Tloc      4%         2d10      43%         3
 Starburst                Conj/Fire      1%         6d3       100%        6
 Maxwell's Capacitive Co  Air            1%         ∞         100%        8


Dungeon Overview and Level Annotations

Branches:
Dungeon (4/15)              Sewer (1/1)
 Temple: D:4-7

Altars:


Innate Abilities, Weirdness & Mutations

Your serpentine skin is tough. (AC +2)
You have supernaturally acute eyesight. (SInv)
Armour fits poorly on your strangely shaped body.
Your system is resistant to poisons. (rPois)
You cover ground very slowly.
You can spit poison.
You have a snake-like lower body.


Message History

* * * LOW HITPOINT WARNING * * *
You hit the crocodile but do no damage.
The crocodile is almost dead.
A nearby plant withers and dies.
The crocodile closely misses you.
You completely miss the crocodile.
The crocodile is almost dead.
You fade into invisibility!
The crocodile bites you but does no damage.
You hit the crocodile.
You kill the crocodile!
You hit the jackal.
The jackal is severely wounded.
You hit the jackal.
You kill the jackal!
The adder bites you but does no damage.
You hit the adder.
The adder is moderately wounded.
The adder bites you.
* * * LOW HITPOINT WARNING * * *
You are poisoned.
The adder poisons you!
You miss the adder.
The adder is moderately wounded.
You feel sick. The adder barely misses you.
You hit the adder.
The adder is moderately wounded.
You feel sick. The adder bites you but does no damage.
You hit the adder.
The adder is heavily wounded.
You feel sick. The adder bites you.
* * * LOW HITPOINT WARNING * * *
You closely miss the adder.
The adder is heavily wounded.
You feel sick.
You are no longer poisoned.
The adder barely misses you.
You barely miss the adder.
The adder is heavily wounded.
The adder bites you.
You die...

≈≈≈≈≈≈≈≈≈≈≈≈ ≈≈≈≈≈≈≈≈≈≈≈
≈≈≈≈≈≈≈≈P~###
≈≈≈≈≈≈..~~~~
≈≈≈≈..~.P~### .
≈≈≈≈~.~~~~... ~~.
≈≈≈≈~..~~~..#
~~...############..~~.~#
~....~S@~~~~~~~~~....~.#
~~.P~############..P~~.#
.~P ≈≈≈≈≈≈≈~~.~...~# ≈
≈≈≈≈≈≈≈~.P~.~..#
≈≈≈≈≈≈.~P~.~~~~#
≈≈≈≈≈≈.P~....~~#
≈≈≈≈≈≈.P~~...~.#
######.P~..~~~..
≈..~~.~..~~.


You could see an adder.

Vanquished Creatures
  A crocodile (Sewer)
  A kobold brigand (Sewer)
  A scorpion (D:4)
  An orc priest (D:4)
  Ijyb (D:4)
  An orc wizard (D:4)
  2 adders (Sewer)
  3 river rats (Sewer)
  An orc (D:4)
  11 ball pythons
  5 endoplasms
  4 giant cockroaches
  7 goblins
  2 hobgoblins (D:1)
  4 jackals
  2 quokkas (D:1)
  3 bats (D:1)
  3 frilled lizards
  7 kobolds
  4 rats
64 creatures vanquished.

Notes
Turn   | Place    | Note
-------+----------+-------------------------------------------
     0 | D:1      | bonegar the Naga Enchanter began the quest for the Orb.
     0 | D:1      | Reached XP level 1. HP: 15/15 MP: 3/3
    89 | D:1      | Reached XP level 2. HP: 13/22 MP: 5/5
   182 | D:1      | Learned a level 2 spell: Ensorcelled Hibernation
   642 | D:1      | Reached XP level 3. HP: 27/28 MP: 6/6
  1021 | D:2      | You fall into a shaft and drop 2 floors!
  1046 | D:4      | Reached skill level 5 in Stealth
  1054 | D:4      | Noticed a scorpion
  1071 | D:4      | Killed a scorpion
  1072 | D:4      | Reached XP level 4. HP: 36/36 MP: 4/7
  1240 | D:4      | Reached XP level 5. HP: 42/42 MP: 2/9
  1282 | D:4      | Noticed Ijyb
  1294 | D:4      | Killed Ijyb
  1401 | D:4      | Found a glowing drain.
  1410 | Sewer    | Entered a sewer
  1502 | Sewer    | Noticed a kobold brigand
  1512 | Sewer    | Killed a kobold brigand
  1513 | Sewer    | Reached skill level 6 in Stealth
  1513 | Sewer    | Reached XP level 6. HP: 27/49 MP: 5/10
  1769 | Sewer    | HP: 2/49 [adder (1)]
  1771 | Sewer    | Slain by an adder

Illustrated notes

Levels and vault maps discovered:
D:1:      roderic_crop_circles_arrival_small, layout_loops_ring
D:2:      layout_basic, minmay_misc_feat_enclosed
D:4:      layout_layer_cave, nicolae_qazlal_general_emergency,
          nicolae_overflow_squiral, cheibrodos_sewer_entry_drain,
          minmay_strange_pillars, uniq_ijyb, uniq_duvessa
Sewer:    sewer_co_scattered_pipes

Skill      XL: |  1  2  3  4  5 |
---------------+----------------+-----
Stealth        | 5 6 |  6.2
Dodging        | 2 |  2.8
Short Blades   | 2 |  2.9
Spellcasting   | 3 |  3.2
Hexes          | 4 |  4.5

Action                     |  1- 3 |  4- 6 || total
---------------------------+-------+-------++-------
  Melee: Dagger            |   143 |   105 ||   248
         Punch             |       |     1 ||     1
   Cast: Ensorcelled Hiber |     5 |    22 ||    27
  Evoke: Wand              |       |     3 ||     3
    Use: Potion            |     2 |     5 ||     7
   Stab: Sleeping          |    13 |    10 ||    23
         Invisible         |       |     1 ||     1
 Armour: Robe              |   120 |    62 ||   182
  Dodge: Dodged            |   108 |    52 ||   160
